 Dungeon Crawl Stone Soup version 0.28.0-53-g5a82cb258f (console) character file.

Game seed: 14401609224539035765

660 erker the Digger (level 7, -2/41 HPs)
             Began as an Octopode Earth Elementalist on July 23, 2022.
             Slain by a gnoll
             ... wielding a +0 halberd
              (10 damage)
             ... on level 5 of the Dungeon.
             The game lasted 00:17:44 (5194 turns).

erker the Digger (Octopode Earth Elementalist)      Turns: 5194, Time: 00:17:45

Health: -2/41      AC:  1    Str: 13    XL:     7   Next: 56%
Magic:  7/10       EV: 14    Int: 20    God:
Gold:   151        SH:  0    Dex: 22    Spells: 3/10 levels left

rFire   x . .      SeeInvis .   a - +6 rapier {flame, rF- rCorr Dex+10}
rCold   . . .      Faith    .   (no shield)
rNeg    . . .      Spirit   .   (helmet restricted)
rPois   .          Reflect  .   (no amulet)
rElec   .          Harm     .   i - +6 ring of strength
rCorr   +          Rampage  .   (no ring)
Will    .....                   (no ring)
Stlth   ++++......              (no ring)
HPRegen 0.13/turn               (no ring)
MPRegen 0.12/turn               (no ring)
                                (no ring)
                                (no ring)

@: no status effects
A: almost no armour, amphibious, 8 rings, camouflage 1, gelatinous body 1,
(nimble swimmer 1), tentacles
a: no special abilities


You were on level 5 of the Dungeon.
You visited 1 branch of the dungeon, and saw 5 of its levels.

You collected 151 gold pieces.

Inventory:

Hand Weapons
 a - the +6 rapier "Giumm" (weapon) {flame, rF- rCorr Dex+10}
   (You found it on level 3 of the Dungeon)

   It burns those it strikes, dealing additional fire damage.
   Dex:       It affects your dexterity (+10).
   rF:        It makes you vulnerable to fire.
   rCorr:     It protects you from acid and corrosion.
 d - a +0 dagger
Missiles
 b - 85 stones
 e - 3 poisoned darts (quivered)
Jewellery
 i - a +6 ring of strength (left tentacle)
Wands
 m - a wand of mindburst (6)
 q - a wand of polymorph (7)
Scrolls
 g - a scroll of amnesia {unknown}
 k - 3 scrolls of blinking {unknown}
 l - 3 scrolls of enchant weapon {unknown}
 n - a scroll of silence {unknown}
 o - a scroll of enchant armour {unknown}
 p - 3 scrolls of teleportation {unknown}
 r - a scroll of identify {unknown}
 t - a scroll of noise {unknown}
Potions
 c - 2 potions of brilliance {unknown}
 f - a potion of haste {unknown}
 h - a potion of mutation {unknown}
 j - a potion of heal wounds
 s - a potion of ambrosia {unknown}


   Skills:
 - Level 2.0 Short Blades
 - Level 2.0 Dodging
 - Level 4.0 Stealth
 - Level 2.0 Spellcasting
 + Level 5.1 Transmutations
 - Level 6.0 Earth Magic


You had 3 spell levels left.
You knew the following spells:

 Your Spells              Type           Power      Damage    Failure   Level
a - Sandblast             Erth           52%        2d12      1%          1
p - Petrify               Tmut/Erth      24%        N/A       16%         4
w - Passwall              Tmut/Erth      20%        N/A       2%          2

Your spell library contained the following spells:

 Spells                   Type           Power      Damage    Failure   Level
 Stone Arrow              Conj/Erth      28%        3d8       14%         3
 Freeze                   Ice            8%         1d3       16%         1
 Frozen Ramparts          Ice            4%         1d2       43%         3
 Hailstorm                Conj/Ice       2%         3d3       83%         4


Dungeon Overview and Level Annotations

Branches:
Dungeon (5/15)
 Temple: D:4-7

Altars:
Ashenzari
Fedhas
Qazlal
Ru
Zin


Innate Abilities, Weirdness & Mutations

You cannot wear most types of armour.
You are amphibious.
You can wear up to eight rings at the same time.
Your skin changes colour to match your surroundings (Stealth+).
Your rubbery body absorbs attacks. (AC +1, EV +1)
((You are camouflaged when in or above water. (Stealth+)))
You have tentacles for arms and can constrict up to eight enemies at once.


Message History

Aim: a scorpion (severely wounded, constricted by you, 100% to hit)
The blast of sand hits the scorpion.
The scorpion is almost dead.
b - 85 stones You constrict the scorpion.
You kill the scorpion!
The gnoll hits you but does no damage.
Your Transmutations skill increases to level 5!
Press: ? - help, v - describe, . - travel, g - get item
Here: a gnoll shaman, wielding a +0 club and wearing a +0 leather armour
Items here: )) †††.
The floor, spattered with blood.
Unknown command.
Unknown command.
Unknown command.
Unknown command.
Unknown command.
Unknown command.
You hit the gnoll shaman. You burn the gnoll shaman. You grab the gnoll shaman.
The gnoll shaman is moderately wounded.
You constrict the gnoll shaman, but do no damage.
The gnoll shaman hits you with a +0 club!
The gnoll misses you.
You hit the gnoll shaman. You burn the gnoll shaman.
You squeeze the gnoll shaman.
The gnoll shaman is almost dead.
You constrict the gnoll shaman.
The gnoll shaman hits you with a +0 club.
The gnoll misses you.
You hit the gnoll shaman but do no damage.
The gnoll shaman is almost dead.
You hear the slow rusting of a drain nearby.
You constrict the gnoll shaman.
The gnoll shaman hits you with a +0 club!
* * * LOW HITPOINT WARNING * * *
The gnoll closely misses you.
You puncture the gnoll shaman! You burn the gnoll shaman.
You kill the gnoll shaman!
The gnoll hits you from afar with a +0 halberd!
You die...

..#...........
.........g....
...#....g....
......g.g
#.....
#.##..g####
#....sg.g.#
##.######)#.#
s.. #@#.#
#.###.##.#.####
.....>........#
#.##.#.......#
# #.......#
#.......#
#.......#
#.......#
#.#######


You could see a gnoll.

Vanquished Creatures
  A bullfrog (D:5)
  2 scorpions
  A jelly (D:4)
  A gnoll shaman (D:5)
  2 hounds
  2 centaur skeletons
  An orc priest (D:4)
  Ijyb (D:3)
  2 orc wizards (D:4)
  A hound skeleton (D:4)
  5 gnolls
  8 adders
  An ufetubus (D:4)
  3 worms
  A dart slug (D:1)
  9 orcs
  4 bats
  5 endoplasms
  2 giant cockroaches
  6 hobgoblins
  4 kobolds
  5 quokkas
  3 ball pythons
  6 frilled lizards
  9 goblins
  3 rats
88 creatures vanquished.

Vanquished Creatures (others)
  A fungus (D:2)
1 creature vanquished.

Grand Total: 89 creatures vanquished

Notes
Turn   | Place    | Note
-------+----------+-------------------------------------------
     0 | D:1      | erker the Octopode Earth Elementalist began the quest for
                  | the Orb.
     0 | D:1      | Reached XP level 1. HP: 11/11 MP: 3/3
   550 | D:1      | Reached XP level 2. HP: 17/17 MP: 5/5
   554 | D:1      | Learned a level 2 spell: Passwall
   568 | D:1      | Reached skill level 1 in Short Blades
   925 | D:2      | Reached XP level 3. HP: 21/21 MP: 3/6
   958 | D:2      | Found a faded altar of an unknown god.
  1702 | D:2      | Reached XP level 4. HP: 27/27 MP: 2/7
  1707 | D:2      | Learned a level 4 spell: Petrify
  2360 | D:3      | Reached skill level 4 in Earth Magic
  2407 | D:3      | Noticed a scorpion
  2587 | D:4      | Reached XP level 5. HP: 17/31 MP: 8/8
  2943 | D:4      | Found a blossoming altar of Fedhas.
  2973 | D:4      | Found a sacrificial altar of Ru.
  3446 | D:4      | Noticed a phantom
  3704 | D:4      | Identified the +0 ring mail of Hedging {rN+ Str+4 Dex+3}
  3910 | D:4      | Reached XP level 6. HP: 36/36 MP: 6/9
  4336 | D:3      | Reached skill level 5 in Earth Magic
  4383 | D:3      | Noticed Ijyb
  4542 | D:3      | Identified the +6 rapier "Giumm" {flame, rF- rCorr Dex+10}
  4557 | D:3      | Killed Ijyb
  4633 | D:3      | Found a stormy altar of Qazlal.
  4659 | D:3      | Found a glowing silver altar of Zin.
  4691 | D:3      | Reached XP level 7. HP: 33/41 MP: 0/10
  5043 | D:5      | Entered Level 5 of the Dungeon
  5050 | D:5      | Reached skill level 6 in Earth Magic
  5062 | D:5      | Found a broken altar of Ashenzari.
  5191 | D:5      | Reached skill level 5 in Transmutations
  5194 | D:5      | Slain by a gnoll

Illustrated notes

Levels and vault maps discovered:
D:1:      minmay_arrival_cross, layout_loops_ring, chequers_decorated_corner,
          minmay_vboxes
D:2:      kennysheep_six_static_rooms, layout_basic,
          shapermc_ecumenical_altar_gd
D:3:      layout_basic, mainiacjoe_overflow_brackets, mainiacjoe_overflow_paths,
          uniq_ijyb
D:4:      layout_basic, mainiacjoe_overflow_two_lobes, minmay_misc_feat_alley,
          nicolae_zen_rock_garden, hangedman_feature_mirror
D:5:      layout_basic, makhleb_grotto_becter,
          mainiacjoe_overflow_six_doors_small, portal_sewer_entry_e,
          minmay_fountain_box

Skill      XL: |  1  2  3  4  5  6  7 |
---------------+----------------------+-----
Stealth        | 3 4 |  4.0
Short Blades   | 1 2 |  2.0
Earth Magic    | 4 5 6 |  6.0
Transmutations | 2 4 5 |  5.1
Dodging        | |  2.0
Spellcasting   | |  2.0

Action                   |  1- 3 |  4- 6 |  7- 9 || total
-------------------------+-------+-------+-------++-------
Melee: Dagger            |    36 |    64 |       ||   100
       Constrict         |    11 |    17 |     7 ||    35
       Tentacles         |     3 |    15 |     6 ||    24
       Punch             |     1 |     1 |       ||     2
       Rapier            |       |     9 |    19 ||    28
       Unarmed           |       |     8 |       ||     8
Throw: Dart              |     1 |       |       ||     1
 Cast: Sandblast         |    18 |    33 |     4 ||    55
       Passwall          |     2 |     4 |       ||     6
       Petrify           |       |     1 |       ||     1
  Use: Potion            |       |     1 |       ||     1
 Stab: Sleeping          |     9 |    10 |     1 ||    20
       Confused          |       |     1 |       ||     1
Armor: Skin              |     3 |    12 |     2 ||    17
Dodge: Dodged            |    26 |    47 |    15 ||    88
